 Dungeon Crawl Stone Soup version 0.22-a0-15-g4f60a598d5 (webtiles) character file.

5511 RaHiT the Summoner (level 10, -2/53 HPs)
             Began as a Tengu Summoner on Jan 2, 2018.
             Slain by Snorg (19 damage)
             ... on level 10 of the Dungeon.
             The game lasted 01:32:32 (11747 turns).

RaHiT the Summoner (Tengu Summoner)                Turns: 11747, Time: 01:32:32

Health: -2/53      AC:  6    Str:  8    XL:     10   Next: 70%
Magic:  0/25       EV: 14    Int: 29    God:
Gold:   455        SH:  4    Dex: 10    Spells: 15/29 levels left

rFire    . . .     SeeInvis .   X - staff of summoning (curse)
rCold    . . .     Gourm    .   (no shield)
rNeg     + . .     Faith    .   Q - +0 robe {rN+}
rPois    .         Spirit   .   (helmet restricted)
rElec    .         Reflect  +   D - +2 cloak
rCorr    .         Harm     .   x - +0 pair of gloves
MR       .....                  (boots unavailable)
Stlth    ++........             R - +4 amulet of reflection
HPRegen  0.17/turn              Y - ring of wizardry
MPRegen  0.19/turn              Z - ring "Niog Yqo" {Int+9 Dex-4 Slay+2}

@: drained
A: beak, talons 3, able to fly 1
a: Fly


You were on level 10 of the Dungeon.
You were hungry.

You visited 2 branches of the dungeon, and saw 11 of its levels.
You also visited: Sewer.

You collected 553 gold pieces.
You spent 98 gold pieces at shops.

Inventory:

Hand Weapons
 u - a +0 blowgun
 G - a +1 spear of piercing
 J - the +3 great sword "Feycuys" {slice, rPois rC+ Str+7}
   (You found it in a sewer)

   It inflicts extra damage upon your enemies.
   It affects your strength (+7).
   It protects you from cold.
   It protects you from poison.
Missiles
 p - 15 tomahawks (quivered)
 t - 55 poisoned needles
 O - 11 javelins
Armour
 g - the +4 plate armour of the Bulwark {MP+9}
   (You took it off an orc on level 8 of the Dungeon)

   It affects your magic capacity (+9).
 m - a +0 ring mail of poison resistance
 x - a +0 pair of gloves (worn)
 D - a +2 cloak (worn)
 E - a +3 leather armour of cold resistance
 Q - a +0 robe of positive energy (worn)
 V - a +3 leather armour of fire resistance
Magical Staves
 X - a cursed staff of summoning (weapon)
Jewellery
 h - an uncursed ring of protection from fire
 n - a cursed ring of teleportation {unknown}
 v - an uncursed ring of fire
 P - an uncursed ring of wizardry
 R - a +4 amulet of reflection (around neck)
 Y - a ring of wizardry (left hand)
 Z - the ring "Niog Yqo" (right hand) {Int+9 Dex-4 Slay+2}
   (You took it off an orc on level 8 of the Dungeon)

   [ring of slaying]

   It affects your intelligence (+9).
   It affects your dexterity (-4).
   It affects your accuracy and damage with ranged weapons and melee attacks
   (+2).
Wands
 r - a wand of flame (41)
 F - a wand of digging (11)
 I - a wand of paralysis (31)
 N - a wand of polymorph (18)
Scrolls
 d - 2 scrolls of magic mapping
 f - a scroll of remove curse
 i - 3 scrolls of amnesia
 k - 7 scrolls of teleportation
 s - 3 scrolls of fog
 w - 2 scrolls of enchant weapon
 y - a scroll of identify
 H - a scroll of blinking {unknown}
 K - 4 scrolls of fear
 L - a scroll of random uselessness {unknown}
 T - 2 scrolls of enchant armour {unknown}
Potions
 a - a potion of lignification
 e - 4 potions of might {unknown}
 j - 3 potions of degeneration {unknown}
 l - 4 potions of haste {unknown}
 o - 5 potions of curing
 q - 5 potions of flight {unknown}
 z - a potion of agility {unknown}
 A - a potion of heal wounds {unknown}
 M - 2 potions of brilliance {unknown}
 U - a potion of magic
Books
 b - a book of Callings

   Spells                             Type                      Level
   a - Summon Small Mammal            Summoning                    1
   b - Call Imp                       Summoning                    2
   c - Call Canine Familiar           Summoning                    3
   d - Summon Guardian Golem          Hexes/Summoning              3
   e - Summon Lightning Spire         Summoning/Air                4
   f - Summon Ice Beast               Ice/Summoning                4
Miscellaneous
 W - a crystal ball of energy
Comestibles
 c - 19 rations


   Skills:
 - Level 2.0(1.9) Fighting
 - Level 2.0(1.9) Polearms
 - Level 6.0(5.8) Dodging
 - Level 2.0(1.8) Stealth
 * Level 10.0(9.8) Spellcasting
 - Level 12.0(11.8) Summonings
 - Level 2.0(1.8) Evocations


You had 15 spell levels left.
You knew the following spells:

 Your Spells              Type           Power        Failure   Level  Hunger
a - Summon Small Mammal   Summ           ####         1%          1    None
b - Call Imp              Summ           #######.     1%          2    None
c - Call Canine Familiar  Summ           #######.     1%          3    None
d - Summon Lightning Spi  Summ/Air       ######..     1%          4    None
e - Summon Ice Beast      Ice/Summ       ######..     1%          4    None


Dungeon Overview and Level Annotations

Branches:
Dungeon (10/15)            Temple (1/1) D:7            Lair (0/6) D:9
    Orc: D:9-12

Altars:
Ashenzari
Cheibriados
Dithmenos
Elyvilon
Fedhas
Gozag
Hepliaklqana
Kikubaaqudgha
Makhleb
Nemelex Xobeh
Okawaru
Qazlal
Ru
Sif Muna
Trog
Uskayaw
Vehumet
Wu Jian
Xom
Yredelemnul
Zin
The Shining One

Shops:
D:6 :   D:8 =**

Annotations:
D:10 Snorg


Innate Abilities, Weirdness & Mutations

You have a beak for a mouth.
You have claws for feet.
You can fly.


Message History

Confirm with . or Enter, or press ? or * to list all spells.
You don't know that spell.
Casting: Summon Ice Beast
Confirm with . or Enter, or press ? or * to list all spells.
You don't know that spell.
Unknown command.
Press: ? - help, v - describe, . - travel, g - get item
Here: Snorg (moderately wounded, berserk, fast, unusually strong)
An enchanted morningstar.
There is something else lying underneath.
The floor.
Snorg rages.
Casting: Summon Ice Beast
Confirm with . or Enter, or press ? or * to list all spells.
You feel a surge of power!
A beastly little devil appears in a puff of frigid air.
Your white imp says, "I truckle to your servitude, O magnificent and pearl-beaked ruler!"
Snorg bites you! Snorg claws you!! Snorg claws you but does no damage.
Snorg bites you!!
You die...

#.......#
#.8.z...#
###)#.....#
#.#####.# #)# ..
########.#######.#
........5....... .
#.####T########
#@#......#
#.#.#....#
..#####.#.#.####.#
#......<#......^.#
#######...#.######
#############.#.#
#.............#.#
###############.#
#.#


You could see Snorg (berserk), a wight and a friendly white imp.

Vanquished Creatures
  2 two-headed ogres
  Pikel (D:4)
  Prince Ribbit (D:6)
  2 ice beasts
  A slave (D:4)
  A sky beast (D:8)
  A bullfrog (Sewer)
  A water moccasin zombie (D:5)
  A scorpion (D:8)
  A water moccasin skeleton (D:7)
  A killer bee (D:8)
  3 electric eels (D:7)
  A crimson imp (D:8)
  5 hounds
  Crazy Yiuf (D:3)
  3 orc wizards
  4 worker ants
  3 hound skeletons
  5 adders
  A worm (D:4)
  2 dart slugs
  4 leopard geckos
  10 orcs
  2 bats
  4 giant cockroaches
  4 hobgoblins
  A jackal (D:8)
  2 kobolds
  2 quokkas
  3 ball pythons (Sewer)
  A ball python skeleton (D:4)
  4 frilled lizards
  A leopard gecko skeleton (D:5)
  5 rats
84 creatures vanquished.

Vanquished Creatures (collateral kills)
  A two-headed ogre (D:9)
  An ugly thing (D:8)
  Sigmund (D:4)
  A yak (D:8)
  Eustachio (D:4)
  A hungry ghost (D:8)
  A vampire mosquito (D:8)
  Duvessa (D:5)
  An acid dragon (D:8)
  2 hell hounds (D:9)
  An orc warrior (D:8)
  4 sky beasts
  A slave (D:4)
  A hornet zombie (D:9)
  4 ice beasts
  2 phantoms
  3 ogres
  2 centaurs
  3 bullfrogs
  2 big kobolds
  Dowan (D:5)
  2 scorpions
  6 killer bees (D:8)
  2 wights (D:10)
  An electric eel (D:7)
  4 howler monkeys
  6 crimson imps
  A quasit (D:8)
  4 hounds
  2 jellies
  7 orc priests
  2 centaur skeletons
  Natasha (thrice) (D:3)
  2 iguanas
  5 orc wizards
  9 worker ants
  A mummy (D:7)
  6 gnolls
  12 adders
  A shadow imp (D:8)
  11 oozes
  2 adder zombies
  2 dart slugs
  7 leopard geckos
  21 orcs
  2 bats (D:2)
  13 giant cockroaches
  2 gnoll zombies (D:8)
  3 goblins
  7 hobgoblins
  3 jackals (D:3)
  26 kobolds
  4 quokkas
  10 ball pythons
  7 frilled lizards
  A quokka skeleton (D:8)
  6 rats
238 creatures vanquished.

Grand Total: 322 creatures vanquished

Notes
Turn   | Place    | Note
-------+----------+-------------------------------------------
     0 | D:1      | RaHiT the Tengu Summoner began the quest for the Orb.
     0 | D:1      | Reached XP level 1. HP: 10/10 MP: 4/4
    64 | D:1      | Reached skill level 5 in Summonings
   548 | D:1      | Reached XP level 2. HP: 11/15 MP: 1/6
   557 | D:1      | Learned a level 2 spell: Call Imp
  1234 | D:2      | Reached XP level 3. HP: 19/19 MP: 0/7
  1309 | D:2      | Found a sacrificial altar of Ru.
  1518 | D:2      | Learned a level 3 spell: Call Canine Familiar
  1685 | D:2      | Found a burning altar of Makhleb.
  1686 | D:2      | Found a radiant altar of Vehumet.
  1862 | D:2      | Reached XP level 4. HP: 20/24 MP: 6/9
  1877 | D:2      | Found an opulent altar of Gozag.
  2282 | D:2      | Reached skill level 6 in Summonings
  2479 | D:3      | Noticed Natasha
  2575 | D:3      | Killed Natasha
  2575 | D:3      | Gained mutation: You can fly. [Tengu growth]
  2575 | D:3      | Reached XP level 5. HP: 28/28 MP: 3/10
  3127 | D:3      | Found a runed door.
  3378 | D:3      | Noticed Crazy Yiuf
  3378 | D:3      | Noticed Natasha
  3393 | D:3      | Killed Natasha
  3463 | D:3      | Killed Crazy Yiuf
  3463 | D:3      | Reached skill level 7 in Summonings
  3583 | D:3      | Noticed Natasha
  3593 | D:3      | Killed Natasha
  3661 | D:4      | Found an ancient bone altar of Kikubaaqudgha.
  3667 | D:4      | Learned a level 4 spell: Summon Lightning Spire
  3723 | D:4      | Noticed a slave
  3734 | D:4      | Noticed a slave
  3735 | D:4      | Noticed Pikel
  3735 | D:4      | Noticed a slave
  3736 | D:4      | Noticed a slave
  3832 | D:4      | Noticed a two-headed ogre
  3868 | D:4      | Killed a two-headed ogre
  3868 | D:4      | Reached skill level 9 in Summonings
  3868 | D:4      | Reached XP level 6. HP: 19/32 MP: 1/11
  3868 | D:4      | Reached XP level 7. HP: 21/36 MP: 1/12
  3949 | D:4      | Noticed Eustachio
  3984 | D:4      | Killed Eustachio
  3984 | D:4      | Reached skill level 10 in Summonings
  4219 | D:4      | Found a glowing drain.
  4232 | Sewer    | Entered a sewer
  4392 | Sewer    | Reached XP level 8. HP: 40/41 MP: 13/13
  4625 | Sewer    | Got a warped great sword
  4626 | Sewer    | Identified the +3 great sword "Feycuys" {slice, rPois rC+ Str+7} (You found it in a sewer)
  4710 | D:4      | Found a shadowy altar of Dithmenos.
  4782 | D:4      | Reached skill level 1 in Fighting
  4782 | D:4      | Reached skill level 1 in Evocations
  4801 | D:4      | Noticed Sigmund
  4809 | D:4      | Killed Sigmund
  4809 | D:4      | Reached skill level 1 in Polearms
  5114 | D:5      | Entered Level 5 of the Dungeon
  5159 | D:5      | Noticed Dowan
  5160 | D:5      | Noticed Duvessa
  5166 | D:5      | Killed Dowan
  5174 | D:5      | Reached skill level 11 in Summonings
  5455 | D:5      | Killed Duvessa
  5936 | D:6      | Reached XP level 9. HP: 48/48 MP: 16/16
  5945 | D:6      | Learned a level 4 spell: Summon Ice Beast
  6067 | D:6      | Reached skill level 5 in Dodging
  6180 | D:6      | Found a shimmering altar of Xom.
  6181 | D:6      | Found a hazy altar of Hepliaklqana.
  6181 | D:6      | Noticed a caustic shrike
  6182 | D:6      | Noticed a spectral ugly thing
  6182 | D:6      | Noticed a caustic shrike
  6235 | D:6      | Noticed Prince Ribbit
  6263 | D:6      | Found Nanuz's Book Shop.
  6494 | D:6      | Killed Prince Ribbit
  7344 | D:7      | Reached skill level 12 in Summonings
  7447 | D:7      | Found a snail-covered altar of Cheibriados.
  7480 | D:7      | Found a sparkling altar of Nemelex Xobeh.
  7754 | D:7      | Found a deep blue altar of Sif Muna.
  7856 | D:7      | Found a staircase to the Ecumenical Temple.
  7913 | Temple   | Entered the Ecumenical Temple
  8523 | D:7      | Reached skill level 5 in Spellcasting
  8692 | D:4      | Killed Pikel
  8765 | D:8      | Found a stormy altar of Qazlal.
  8978 | D:8      | Reached XP level 10. HP: 53/53 MP: 13/21
  8993 | D:8      | Noticed a two-headed ogre
  9042 | D:8      | Killed a two-headed ogre
  9371 | D:8      | Noticed a green ugly thing
  9384 | D:8      | Killed a green ugly thing
  9734 | D:8      | Got an ancient jade ring
  9761 | D:8      | Identified the ring "Niog Yqo" {Int+9 Dex-4 Slay+2} (You took it off an orc on level 8 of the Dungeon)
  9771 | D:8      | Got a polished plate armour
  9795 | D:8      | Identified the +4 plate armour of the Bulwark {MP+9} (You took it off an orc on level 8 of the Dungeon)
  9952 | D:8      | Found Royppeh's Changing Room.
 10160 | D:8      | Found Xerhu's Jewellery Shop.
 10226 | D:8      | Found Kogitenk's General Store.
 10260 | D:8      | Bought a scroll of fear for 49 gold pieces
 10260 | D:8      | Bought a scroll of magic mapping for 49 gold pieces
 10339 | D:8      | Found a blossoming altar of Fedhas.
 10450 | D:8      | Found a basalt altar of Yredelemnul.
 10652 | D:9      | Noticed a two-headed ogre
 10658 | D:9      | Killed a two-headed ogre
 10768 | D:9      | Found a staircase to the Lair.
 11364 | D:9      | Reached skill level 10 in Spellcasting
 11651 | D:10     | Entered Level 10 of the Dungeon
 11710 | D:10     | Noticed Snorg
 11747 | D:10     | Slain by Snorg

Vault maps used:
D:1:      dpeg_arrival_pond
D:2:      gammafunk_temple_overflow_pools, nicolae_overflow_crystal_walls,
          grunt_gozag_statues
D:3:      first_ration, uniq_crazy_yiuf_cottage, uniq_natasha
D:4:      overflow_temple_1_default, lemuel_crystal_altar,
          cheibrodos_sewer_entry_drain, moated_statue, uniq_sigmund,
          uniq_eustachio, uniq_pikel
D:5:      minmay_liquid_box, uniq_duvessa
D:6:      regret_index_temple_of_mockery, serial_shops, nicolae_shop_crystal,
          uniq_prince_ribbit1
D:7:      kennysheep_mini_moat, slow_altar_2, lemuel_blue_sif_altar,
          minmay_temple_entry_grid, serial_bayou, serial_bayou_shore_a,
          serial_bayou_pond_d, serial_bayou_lake_a, serial_bayou_pond_a,
          minmay_misc_feat_chi, grunt_ogre_cave
D:8:      minmay_the_grid_octo_tiled_squarecenter,
          lemuel_zombie_altar_yredelemnul, lemuel_round_altar, serial_shops,
          shop, shop, basic_altar, nicolae_transmutations_shop
D:9:      minmay_lair_entry_lava
D:10:     cheibrodos_breeding_chamber, serial_shops, kennysheep_little_box,
          nicolae_shop_behind_doors, nicolae_shop_behind_doors, uniq_snorg
Temple:   compressed_dpeg_triangle_lava_temple
Sewer:    sewer_frog_island_02

Skill      XL: |  1  2  3  4  5  6  7  8  9 10 |
---------------+-------------------------------+-----
Summonings     | 5 6 9 10 11 12 | 12.0
Spellcasting   | 3 4 7 10 | 10.0
Dodging        | 3 4 6 |  6.0
Fighting       | 2 |  2.0
Evocations     | 2 |  2.0
Polearms       | 2 |  2.0
Stealth        | |  2.0

Action                   |  1- 3 |  4- 6 |  7- 9 | 10-12 || total
-------------------------+-------+-------+-------+-------++-------
Melee: Dagger            |    11 |       |       |       ||    11
       Unarmed           |     7 |       |       |       ||     7
       Kick              |     7 |     7 |    36 |     6 ||    56
       Peck              |     5 |     4 |    23 |     2 ||    34
       Spear             |    28 |    59 |    51 |       ||   138
       Quarterstaff      |       |       |    24 |       ||    24
       Great sword       |       |       |    69 |     8 ||    77
       Staff             |       |       |       |    17 ||    17
 Fire: Blowgun           |       |     2 |     6 |    12 ||    20
Throw: Stone             |     9 |     4 |     3 |       ||    16
       Tomahawk          |       |     6 |    18 |     4 ||    28
       Javelin           |       |       |     4 |       ||     4
 Cast: Summon Small Mamm |    15 |       |       |       ||    15
       Call Imp          |    31 |    42 |    68 |    36 ||   177
       Call Canine Famil |       |    18 |    24 |    17 ||    59
       Summon Lightning  |       |       |     8 |    18 ||    26
       Summon Ice Beast  |       |       |     6 |     4 ||    10
 Abil: Fly               |       |       |     1 |       ||     1
Evoke: Wand              |       |       |     3 |       ||     3
  Use: Scroll            |       |     5 |     2 |     1 ||     8
 Stab: Distracted        |     1 |     1 |     6 |       ||     8
       Sleeping          |     3 |     1 |     3 |       ||     7
       Invisible         |       |     1 |       |       ||     1
       Paralysed         |       |       |     2 |       ||     2
  Eat: Chunk             |     5 |    10 |    17 |     9 ||    41
       Ration            |       |     1 |     1 |       ||     2
Armor: Robe              |    17 |     6 |    45 |     6 ||    74
Dodge: Dodged            |    33 |    31 |   154 |    28 ||   246
Block: Other             |       |       |     3 |     7 ||    10
       Reflection        |       |       |       |     2 ||     2
       Rpst.: Great sword |       |       |    23 |     1 ||    24

Table legend:
 A = Spawn XP
 B = Non-spawn XP
 C = Spawn XP percentage of total XP
 D = Spawn monster count
 E = Non-spawn monster count
 F = Spawn count percentage of total count
 G = Total turns spent on level
                    A         B        C        D         E        F      G
               +---------+---------+-------+---------+---------+-------+---------
         Total |       0 |    7874 |   0.0 |       0 |     320 |   0.0 | 11747
               +---------+---------+-------+---------+---------+-------+---------
           D:1 |       0 |      29 |   0.0 |       0 |      22 |   0.0 |  1223
           D:2 |       0 |      84 |   0.0 |       0 |      35 |   0.0 |  1292
           D:3 |       0 |     171 |   0.0 |       0 |      27 |   0.0 |  1222
           D:4 |       0 |    1677 |   0.0 |       0 |      29 |   0.0 |  1098
           D:5 |       0 |     454 |   0.0 |       0 |      12 |   0.0 |   548
           D:6 |       0 |     704 |   0.0 |       0 |      19 |   0.0 |  1294
           D:7 |       0 |     809 |   0.0 |       0 |      33 |   0.0 |  1244
           D:8 |       0 |    2633 |   0.0 |       0 |      66 |   0.0 |  1817
           D:9 |       0 |    1046 |   0.0 |       0 |      26 |   0.0 |  1082
          D:10 |       0 |      57 |   0.0 |       0 |       2 |   0.0 |    96
         Sewer |       0 |     210 |   0.0 |       0 |      49 |   0.0 |   458
               +---------+---------+-------+---------+---------+-------+---------
